 Dungeon Sprint DCSS version 0.17.1-1-g73c8601 (webtiles) character file.

9070 Ponchio the Sorcerer (level 11, 0/54 HPs)
             Began as a Deep Elf Fire Elementalist on Dec 23, 2015.
             Was the Champion of Vehumet.
             Killed from afar by a yellow draconian (10 damage)
             ... with a splash of acid
             ... in the Dungeon (Sprint V: "Ziggurat Sprint").
             The game lasted 00:26:30 (1564 turns).

Ponchio the Sorcerer (Deep Elf Fire Elementalist)   Turns: 1564, Time: 00:26:30

Health: 0/54       AC: -6    Str: 10    XL:     11   Next: 18%
Magic:  42/53      EV: 21    Int: 30    God:    Vehumet [******]
Gold:   0          SH:  0    Dex: 15    Spells: 5 memorised, 32 levels left

rFire  . . .     SeeInvis .     I - +6 Majin-Bo {vamp, Archmagi MP+6 Int+6}
rCold  + . .     Clarity  .     a - +0 robe
rNeg   + + .     SustAt   .     (shield currently unavailable)
rPois  .         Gourm    .     (no helmet)
rElec  .         Spirit   .     (no cloak)
rCorr  .         Warding  .     (no gloves)
rMut   .         NoTele   +     (no boots)
MR     +....                    (no amulet)
Stlth  +.........               K - ring "Edatan" {Wiz rN+ MP+9 Str+5}
                                m - ring of Dawn {rC+ rN+}

@: liquid flames, corroded equipment, very slightly contaminated, hasted,
glowing, very quick, somewhat resistant to hostile enchantments, very unstealthy
A: no striking features
a: Renounce Religion


You were in the Dungeon.
You worshipped Vehumet.
Vehumet was exalted by your worship.
You were not hungry.

You visited 1 branch

Inventory:

Hand Weapons
 I - the +6 Majin-Bo (weapon) {vamp, Archmagi MP+6 Int+6}
   (You found it in the Dungeon)

   It inflicts no extra harm, but heals its wielder somewhat when it strikes a
   living foe.
   It affects your intelligence (+6).
   It affects your magic capacity (+6).
Armour
 a - a +0 robe (worn)
Jewellery
 m - the ring of Dawn (left hand) {rC+ rN+}
   (You found it in the Dungeon)

   [ring of protection from cold]

   It protects you from cold.
   It protects you from negative energy.
 y - a +6 ring of dexterity
 z - a +6 ring of dexterity
 A - a +6 ring of intelligence
 B - a +6 ring of intelligence
 C - a +6 ring of strength
 D - a +6 ring of strength
 K - the ring "Edatan" (right hand) {Wiz rN+ MP+9 Str+5}
   (You found it in the Dungeon)

   [ring of wizardry]

   It improves your spell success rate.
   It affects your strength (+5).
   It protects you from negative energy.
   It affects your magic capacity (+9).
 P - an uncursed ring of see invisible
Wands
 E - a wand of disintegration (3)
 F - a wand of fire (2)
 G - a wand of cold (5)
 H - a wand of draining (5)
Scrolls
 i - 2 scrolls of blinking
 p - 4 scrolls of amnesia
 q - 3 scrolls of recharging
 r - 7 scrolls of fog
 s - a scroll of holy word
 t - 5 scrolls of identify
 u - 5 scrolls of remove curse
 v - 2 scrolls of fear
Potions
 d - 7 potions of curing
 e - 2 potions of heal wounds
 f - 4 potions of haste
 g - 7 potions of magic
 h - 3 potions of berserk rage
 j - 2 potions of brilliance
 k - 2 potions of invisibility
 l - 4 potions of resistance
 n - 5 potions of agility
 o - 5 potions of might
Books
 b - a book of Flames

   Spells                             Type                      Level
   a - Flame Tongue                   Conjuration/Fire             1
   b - Throw Flame                    Conjuration/Fire             2
   c - Conjure Flame                  Conjuration/Fire             3
   d - Inner Flame                    Hexes/Fire                   3
   e - Sticky Flame                   Conjuration/Fire             4
   f - Fireball                       Conjuration/Fire             5
 J - a book of Minor Magic

   Spells                             Type                      Level
   a - Magic Dart                     Conjuration                  1
   b - Blink                          Translocation                2
   c - Call Imp                       Summoning                    2
   d - Repel Missiles                 Charms/Air                   2
   e - Slow                           Hexes                        2
   f - Conjure Flame                  Conjuration/Fire             3
   g - Mephitic Cloud                 Conjuration/Poison/Air       3
 M - a book of Spatial Translocations

   Spells                             Type                      Level
   a - Apportation                    Translocation                1
   b - Blink                          Translocation                2
   c - Shroud of Golubria             Charms/Translocation         2
   d - Portal Projectile              Translocation                3
   e - Teleport Other                 Translocation                3
   f - Passage of Golubria            Translocation                4
 N - Celustrekk's Collected Works on Transmutation
   (You found it in the Dungeon)

   Spells                             Type                      Level
   a - Stoneskin                      Transmutation/Earth          2
   b - Passwall                       Transmutation/Earth          3
   c - Blade Hands                    Transmutation                5
 O - a book of Power

   Spells                             Type                      Level
   a - Fulminant Prism                Conjuration/Hexes            4
   b - Iskenderun's Mystic Blast      Conjuration                  4
   c - Venom Bolt                     Conjuration/Poison           5
   d - Bolt of Magma                  Conjuration/Fire/Earth       5
   e - Iron Shot                      Conjuration/Earth            6
   f - Orb of Destruction             Conjuration                  7
   g - Spellforged Servitor           Conjuration/Summoning        7
 Q - a book of Flames

   Spells                             Type                      Level
   a - Flame Tongue                   Conjuration/Fire             1
   b - Throw Flame                    Conjuration/Fire             2
   c - Conjure Flame                  Conjuration/Fire             3
   d - Inner Flame                    Hexes/Fire                   3
   e - Sticky Flame                   Conjuration/Fire             4
   f - Fireball                       Conjuration/Fire             5
 R - the Papyrus of Attacks
   (You found it in the Dungeon)

   Spells                             Type                      Level
   a - Sting                          Conjuration/Poison           1
   b - Force Lance                    Conjuration/Translocation    4
   c - Fulminant Prism                Conjuration/Hexes            4
   d - Poisonous Cloud                Conjuration/Poison/Air       6
Miscellaneous
 L - a stone of tremors
Comestibles
 c - 5 bread rations
 w - 35 fruits
 x - 3 meat rations


   Skills:
 + Level 13.4 Dodging
 - Level 2.4 Stealth
 + Level 21.9 Spellcasting
 - Level 11.3 Conjurations
 - Level 11.0 Fire Magic
 - Level 7.0 Earth Magic
 - Level 8.0 Evocations


You had 32 spell levels left.
You knew the following spells:

 Your Spells              Type           Power        Failure   Level  Hunger
a - Flame Tongue          Conj/Fire      #####        0%          1    None
b - Fireball              Conj/Fire      #######...   1%          5    None
c - Iron Shot             Conj/Erth      #######...   1%          6    None
d - Orb of Destruction    Conj           ########..   1%          7    ##.....
e - Repel Missiles        Chrm/Air       #####.       1%          2    None


Dungeon Overview and Level Annotations

Branches:
Dungeon (1/1)

Altars:
Ashenzari
Cheibriados
Dithmenos
Elyvilon
Fedhas
Gozag
Kikubaaqudgha
Makhleb
Nemelex Xobeh
Okawaru
Qazlal
Ru
Sif Muna
Trog
Vehumet
Xom
Yredelemnul
Zin
The Shining One
Beogh
Jiyva
Lugonu


Message History

The white draconian zealot calls down the wrath of its god upon you.
The hellfire explodes!
The burst of hellfire engulfs you!
* * * LOW HITPOINT WARNING * * *
Drink which item? (? for menu, Esc to quit)
You feel much better.
You are covered in liquid flames!
The mottled draconian hits you from afar with a halberd!!
* * * LOW HITPOINT WARNING * * *
Casting: Fireball
Confirm with . or Enter, or press ? or * to list all spells.
Okay, then.
Read which item? (? for menu, Esc to quit)
Blink to where?
Press: ? - help, Dir - move target cursor
As you read the scroll of blinking, it crumbles to dust.
You are covered in liquid flames!
* * * LOW HITPOINT WARNING * * *
The yellow draconian spits acid at you. The splash of acid hits you!
You die...

▓.....†...▓.......▓
▓....†....▓.......▓
▓.........▓.......▓
▓.........▓.▓...▓.▓
▓.........▓.......▓
▓▓▓▓▓▓▓▓▓▓▓▓▓▓▓▓▓▓▓▓▓
▓...8©8...▓...8©8...▓
▓..:[)|)..▓..}[))=..▓
▓..=|@!...▓..†)|.}..▓
▓......q4.▓....)....▓
▓.........▓...).....▓
▓....d..4.▓....)(...▓
▓...dqdd..▓.........▓
▓...dd....▓.▓.....▓.▓
▓.▓..d..▓.▓....(....▓
▓....§....▓▓▓▓▓▓▓▓▓▓▓
▓▓▓▓▓▓▓▓▓▓▓


You could see a purple draconian monk, 2 draconians, 5 draconians, a white
draconian zealot, a blue devil and a red devil.

Vanquished Creatures
  A white draconian (D)
  A mummy priest (D)
  2 deep elf knights (D)
  A wolf spider (D)
  An anubis guard (D)
  2 cyclopes (D)
  A deep elf priest (D)
  8 merfolk (D)
  An ushabti (D)
  A redback (D)
  A spriggan (D)
  2 tarantellas (D)
  A deep elf mage (D)
  A deep elf fighter (D)
  A water moccasin (D)
  3 wolves (D)
  4 hippogriffs (D)
  A centaur (D)
  2 black bears (D)
  10 scorpions (D)
  A sheep (D)
  4 mummies (D)
  An adder (D)
  An adder zombie (D)
  A bat skeleton (D)
  A ball python (D)
  A quokka skeleton (D)
55 creatures vanquished.

Notes
Turn   | Place    | Note
--------------------------------------------------------------
     0 | D        | Ponchio the Deep Elf Fire Elementalist began the quest for the Orb.
     0 | D        | Reached XP level 1. HP: 10/10 MP: 6/6
     0 | D        | Found a roughly hewn altar of Beogh.
     0 | D        | Found a viscous altar of Jiyva.
     0 | D        | Found a corrupted altar of Lugonu.
     0 | D        | Found a white marble altar of Elyvilon.
     0 | D        | Found a sparkling altar of Nemelex Xobeh.
     1 | D        | Found a burning altar of Makhleb.
     1 | D        | Found an iron altar of Okawaru.
     1 | D        | Found a deep blue altar of Sif Muna.
     1 | D        | Found a radiant altar of Vehumet.
     1 | D        | Found a bloodstained altar of Trog.
     1 | D        | Found a shimmering altar of Xom.
    78 | D        | Became a worshipper of Vehumet
    84 | D        | Reached skill level 8 in Evocations
    84 | D        | Reached XP level 2. HP: 15/15 MP: 9/9
   101 | D        | Entered arena 1.
   101 | D        | Noticed a scorpion
   101 | D        | Noticed a tarantella
   103 | D        | Killed a tarantella
   103 | D        | Reached XP level 3. HP: 19/19 MP: 10/10
   103 | D        | Reached XP level 4. HP: 24/24 MP: 12/12
   103 | D        | Reached XP level 5. HP: 28/28 MP: 13/13
   104 | D        | Killed a scorpion
   109 | D        | Entered arena 2.
   109 | D        | Noticed a water moccasin
   111 | D        | Killed a water moccasin
   111 | D        | Reached * piety under Vehumet
   111 | D        | Offered knowledge of Freeze by Vehumet.
   111 | D        | Reached skill level 9 in Conjurations
   111 | D        | Reached XP level 6. HP: 32/32 MP: 14/14
   132 | D        | Entered arena 3.
   132 | D        | Noticed a scorpion
   132 | D        | Noticed a scorpion
   132 | D        | Noticed a scorpion
   132 | D        | Noticed a tarantella
   139 | D        | Learned a level 5 spell: Fireball
   143 | D        | Killed a tarantella
   143 | D        | Reached ** piety under Vehumet
   143 | D        | Reached skill level 10 in Conjurations
   143 | D        | Reached skill level 10 in Fire Magic
   145 | D        | Killed a scorpion
   145 | D        | Reached XP level 7. HP: 13/36 MP: 12/15
   145 | D        | Killed a scorpion
   145 | D        | Reached skill level 11 in Conjurations
   145 | D        | Killed a scorpion
   307 | D        | Entered arena 4.
   308 | D        | Offered knowledge of Magic Dart by Vehumet.
   308 | D        | Reached *** piety under Vehumet
   315 | D        | Got the ring "Edatan" {Wiz rN+ MP+9 Str+5}
   393 | D        | Entered arena 5.
   393 | D        | Noticed a deep elf fighter
   393 | D        | Noticed a deep elf mage
   393 | D        | Noticed a deep elf knight
   393 | D        | Noticed a deep elf knight
   393 | D        | Noticed a deep elf priest
   394 | D        | Killed a deep elf fighter
   394 | D        | Reached **** piety under Vehumet
   394 | D        | Killed a deep elf priest
   394 | D        | Reached skill level 10 in Spellcasting
   394 | D        | Reached XP level 8. HP: 41/41 MP: 24/24
   395 | D        | Killed a deep elf knight
   395 | D        | Reached skill level 14 in Spellcasting
   395 | D        | Killed a deep elf mage
   396 | D        | Killed a deep elf knight
   396 | D        | Reached skill level 16 in Spellcasting
   396 | D        | Reached XP level 9. HP: 34/45 MP: 29/31
   509 | D        | Entered arena 6.
   509 | D        | Noticed a black bear
   509 | D        | Noticed a wolf
   509 | D        | Noticed a black bear
   509 | D        | Noticed a wolf
   509 | D        | Noticed a spriggan
   509 | D        | Noticed a wolf
   511 | D        | Killed a spriggan
   511 | D        | Offered knowledge of Ignite Poison by Vehumet.
   511 | D        | Reached skill level 17 in Spellcasting
   511 | D        | Killed a black bear
   511 | D        | Reached ***** piety under Vehumet
   511 | D        | Killed a black bear
   511 | D        | Reached skill level 5 in Dodging
   516 | D        | Killed a wolf
   516 | D        | HP: 2/45 [wolf (8)]
   520 | D        | Killed a wolf
   521 | D        | Killed a wolf
   526 | D        | Identified Celustrekk's Collected Works on Transmutation (You found it in the Dungeon)
   537 | D        | Got the +2 buckler "Halesaq" {rF+}
   746 | D        | Learned a level 6 spell: Iron Shot
   748 | D        | Entered arena 7.
   748 | D        | Noticed an anubis guard
   748 | D        | Noticed a mummy priest
   748 | D        | Noticed an ushabti
   750 | D        | Noticed a flayed ghost
   750 | D        | Offered knowledge of Airstrike by Vehumet.
   751 | D        | Noticed a jiangshi
   752 | D        | Killed an ushabti
   752 | D        | Reached skill level 18 in Spellcasting
   752 | D        | Killed an anubis guard
   754 | D        | Killed a mummy priest
   754 | D        | Reached skill level 19 in Spellcasting
   754 | D        | Reached XP level 10. HP: 25/50 MP: 35/35
   764 | D        | Got the ring of Dawn {rC+ rN+}
  1006 | D        | Learned a level 7 spell: Orb of Destruction
  1108 | D        | Entered arena 8.
  1108 | D        | Noticed a hippogriff
  1108 | D        | Noticed a hippogriff
  1108 | D        | Noticed a cyclops
  1108 | D        | Noticed a merfolk
  1108 | D        | Noticed a merfolk
  1108 | D        | Noticed a hippogriff
  1108 | D        | Noticed a merfolk
  1109 | D        | Killed a hippogriff
  1109 | D        | Offered knowledge of Stone Arrow by Vehumet.
  1109 | D        | Reached ****** piety under Vehumet
  1110 | D        | Killed a merfolk
  1110 | D        | Killed a merfolk
  1111 | D        | Killed a hippogriff
  1112 | D        | Killed a merfolk
  1112 | D        | Killed a cyclops
  1112 | D        | Reached skill level 20 in Spellcasting
  1114 | D        | Killed a hippogriff
  1298 | D        | Entered arena 9.
  1298 | D        | Noticed a redback
  1298 | D        | Noticed a scorpion
  1298 | D        | Noticed a scorpion
  1298 | D        | Noticed a scorpion
  1298 | D        | Noticed a scorpion
  1298 | D        | Noticed a scorpion
  1298 | D        | Noticed a scorpion
  1298 | D        | Noticed a wolf spider
  1299 | D        | Killed a redback
  1299 | D        | Offered knowledge of Ozocubu's Refrigeration by Vehumet.
  1299 | D        | Reached skill level 10 in Dodging
  1299 | D        | Killed a scorpion
  1299 | D        | Killed a scorpion
  1300 | D        | Killed a scorpion
  1300 | D        | Killed a scorpion
  1301 | D        | Killed a wolf spider
  1301 | D        | Killed a scorpion
  1301 | D        | Killed a scorpion
  1394 | D        | Learned a level 2 spell: Repel Missiles
  1398 | D        | Entered arena 10.
  1398 | D        | Noticed a hippogriff
  1398 | D        | Noticed a merfolk
  1398 | D        | Noticed a merfolk
  1398 | D        | Noticed a merfolk
  1398 | D        | Noticed a merfolk
  1398 | D        | Noticed a centaur
  1398 | D        | Noticed a merfolk
  1398 | D        | Noticed a cyclops
  1399 | D        | Killed a hippogriff
  1400 | D        | Killed a merfolk
  1400 | D        | Killed a centaur
  1400 | D        | Reached skill level 21 in Spellcasting
  1401 | D        | Killed a merfolk
  1402 | D        | Killed a merfolk
  1402 | D        | Killed a merfolk
  1403 | D        | Killed a merfolk
  1403 | D        | Reached XP level 11. HP: 31/54 MP: 38/38
  1403 | D        | Killed a cyclops
  1413 | D        | Identified the Papyrus of Attacks (You found it in the Dungeon)
  1555 | D        | Entered arena 11.
  1555 | D        | Noticed a yellow draconian
  1555 | D        | Noticed a yellow draconian
  1555 | D        | Noticed a white draconian
  1555 | D        | Noticed a mottled draconian
  1555 | D        | Noticed a yellow draconian
  1557 | D        | Noticed a mottled draconian
  1557 | D        | Noticed a yellow draconian
  1557 | D        | Noticed a purple draconian monk
  1558 | D        | Noticed a yellow draconian
  1559 | D        | Noticed a white draconian zealot
  1561 | D        | Killed a white draconian
  1564 | D        | Killed from afar by a yellow draconian

Action                   |  1- 3 |  4- 6 |  7- 9 | 10-12 || total
-------------------------+-------+-------+-------+-------++-------
Melee: Quarterstaff      |       |     2 |     1 |       ||     3
 Cast: Fireball          |       |     1 |    15 |    19 ||    35
       Repel Missiles    |       |       |       |     1 ||     1
Evoke: Wand              |     1 |     6 |       |       ||     7
  Use: Potion            |     1 |     2 |     7 |     4 ||    14
       Scroll            |       |     1 |       |     1 ||     2
  Eat: Fruit             |     2 |       |     5 |       ||     7
       Meat ration       |       |       |       |     1 ||     1
